 Dungeon Crawl Stone Soup version 0.32-a0-422-g28b100f618 (webtiles) character file.

Game seed: 10285860295883360373

18 Bravepunisher the Ducker (level 2, 9/16 HPs)
             Began as a Spriggan Monk on Feb 21, 2024.
             Quit the game on level 6 of the Dungeon.
             The game lasted 00:05:57 (1194 turns).

Bravepunisher the Ducker (Spriggan Monk)            Turns: 1194, Time: 00:05:58

Health: 9/16       AC:  2    Str:  7    XL:     2   Next: 48%
Magic:  3/3        EV: 19    Int: 11    God:
Gold:   62         SH:  0    Dex: 17    Spells: 1/1 levels left

rFire   . . .        a - +0 short sword
rCold   . . .        (no shield)
rNeg    . . .        b - +0 robe
rPois   .            (helmet restricted)
rElec   .            (no cloak)
rCorr   .            (gloves unavailable)
SInv    +            (boots unavailable)
Will    .....        (no amulet)
Stlth   ++           (no ring)
HPRegen 0.22/turn    (no ring)
MPRegen 0.08/turn

%: no passive effects
@: mildly poisoned (9 -> 6), very quick
A: very small, no large weapons, unfitting armour, see invisible, speed 3
a: no special abilities


You were on level 6 of the Dungeon.
You visited 1 branch of the dungeon, and saw 7 of its levels.

You collected 62 gold pieces.

Inventory:

Hand Weapons
 a - a +0 short sword (weapon)
Armour
 b - a +0 robe (worn)
 h - a +0 troll leather armour
Jewellery
 d - a ring of positive energy
Wands
 e - a wand of acid (5)
Scrolls
 f - a scroll of immolation {unknown}
 i - a scroll of vulnerability {unknown}
 l - a scroll of enchant armour {unknown}
Potions
 c - a potion of ambrosia
 g - a potion of cancellation {unknown}
 j - a potion of mutation {unknown}
 k - a potion of curing {unknown}


   Skills:
 + Level 2.7 Fighting
 - Level 3.2 Short Blades
 * Level 4.8 Dodging


You had one spell level left.
You didn't know any spells.
Your spell library contained the following spells:

 Spells                   Type           Power      Damage    Failure   Level
 Magic Dart               Conj           0%         1d3       34%         1
 Blink                    Tloc           0%         N/A       47%         2
 Call Imp                 Summ           0%         N/A       47%         2
 Tukima's Dance           Hex            0%         N/A       71%         3
 Passage of Golubria      Tloc           0%         N/A       98%         4
 Yara's Violent Unravell  Hex/Alch       0%         3d3       100%        5


Dungeon Overview and Level Annotations

Branches:
Dungeon (7/15)
 Temple: D:4-7

Altars:
Sif Muna
The Shining One

Shops:
D:4 *

Annotations:
D:4 Robin


Innate Abilities, Weirdness & Mutations

You are very small and have problems with some larger weapons.
You are too small for most types of armour.
You have supernaturally acute eyesight. (SInv)
You cover ground extremely quickly. (Speed+++)


Message History

You hear a shout!
The iguana hisses angrily.
The adder misses you. The adder bites you but does no damage.
The adder closely misses you.
Found a ring mail.
You see here a +0 ring mail.
You start waiting.
An adder is nearby!
The adder bites you.
You completely miss the adder. The adder misses you.
You barely miss the adder. The adder closely misses you.
You hit the adder but do no damage. The adder barely misses you.
You miss the adder. The adder misses you.
You hit the adder but do no damage. The adder misses you.
You hit the adder.
The adder is moderately wounded.
The adder closely misses you.
You completely miss the adder.
The adder is moderately wounded.
The adder completely misses you.
You closely miss the adder.
The adder is moderately wounded.
The adder closely misses you.
You hit the adder.
The adder is heavily wounded.
The adder closely misses you.
You hit the adder.
The adder is almost dead.
The adder closely misses you.
You closely miss the adder.
The adder is almost dead.
The adder bites you.
You are poisoned.
The adder poisons you! The adder bites you.
You hit the adder.
You kill the adder!
You feel sick.
You have reached level 2!
Are you sure you want to abandon this character and quit the game? (Confirm with "yes".)

#...........#
#...........#
#...........#
#.....[.....#
#.#........##
.
#.#........#
.
##o#.......#
#o##.....##
##@##.####
######


You could see an orc wizard and an orc.

Vanquished Creatures
  An adder (D:6)
  A dart slug (D:4)
  A hobgoblin (D:2)
  A kobold (D:2)
4 creatures vanquished.

Notes
Turn   | Place    | Note
-------+----------+-------------------------------------------
     0 | D:1      | Bravepunisher the Spriggan Monk began the quest for the
                  | Orb.
     0 | D:1      | Reached XP level 1. HP: 11/11 MP: 2/2
   304 | D:4      | Found Efoc's General Store.
   444 | D:5      | Entered Level 5 of the Dungeon
   451 | D:5      | Noticed a jelly
   527 | D:5      | Found a glowing golden altar of the Shining One.
   578 | D:4      | Found a shimmering blue altar of Sif Muna.
   596 | D:4      | Noticed Robin
   773 | D:7      | Noticed an orc warrior
   871 | D:5      | Noticed an orc wizard
   877 | D:5      | Noticed an orc wizard
  1085 | D:6      | Noticed a howler monkey
  1134 | D:6      | Noticed an orc wizard
  1135 | D:6      | Noticed an iguana
  1194 | D:6      | Reached XP level 2. HP: 9/16 MP: 3/3
  1194 | D:6      | Quit the game

Illustrated notes

Levels and vault maps discovered:
D:1:      lightli_arrival_statue_moat, layout_basic, palyth_stone_intersect,
          minmay_statues_item
D:2:      layout_loops_ring, nicolae_ecumenical_pavilion, minmay_misc_feat_roman
D:3:      layout_loops_cross, serial_shops, shop
D:4:      layout_gridville, mainiacjoe_overflow_24_doors, serial_shops,
          nicolae_shop_stone, minmay_door_square, uniq_robin
D:5:      layout_loops_corners, tso_oasis_becter
D:6:      layout_cave_pods
D:7:      minmay_evil_eye, layout_loops_ring, minmay_temple_entry_poolview,
          enter_bailey_2, minivault_4, reono_crystal_passage

Action                     || total
---------------------------++-------
  Melee: Short sword       ||    27
 Armour: Robe              ||    12
  Dodge: Dodged            ||    56

Table legend: (Time is in decaauts)
 A = Elapsed time spent in this place.
 B = Non-inter-level travel time spent in this place.
 C = Inter-level travel time spent in this place.
 D = Time resting spent in this place.
 E = Time spent auto-exploring this place.
 F = Levels seen in this place.
 G = Mean time per level.
                   A        B        C        D        E       F      G
               +--------+--------+--------+--------+--------+-----+--------+
         Total |    760 |    760 |      0 |      5 |    185 |   7 |  108.6 |
       Dungeon |    760 |    760 |      0 |      5 |    185 |   7 |  108.6 |
               +--------+--------+--------+--------+--------+-----+--------+

Top non-repeatable levels by time:
     D:4: 317 daAuts
     D:5: 168 daAuts
     D:2: 95 daAuts
     D:6: 83 daAuts
     D:3: 70 daAuts
     D:1: 15 daAuts
     D:7: 10 daAuts
